 Dungeon Crawl Stone Soup version 0.31-a0-968-g24f9ace8b5 (webtiles) character file.

Game seed: 16570556723633031340

93 LeprechaunX the Changeling (level 4, -1/29 HPs)
             Began as an Octopode Shapeshifter on Oct 27, 2023.
             Slain by a gnoll
             ... wielding a +0 spear
              (6 damage)
             ... on level 2 of the Dungeon.
             The game lasted 00:02:05 (1699 turns).

LeprechaunX the Changeling (Octopode Shapeshifter)  Turns: 1699, Time: 00:02:06

Health: -1/29      AC:  1    Str: 13    XL:     4   Next: 61%
Magic:  4/4        EV: 13    Int: 12    God:
Gold:   61         SH:  0    Dex: 13    Spells: 3/3 levels left

rFire   . . .        k - +1 demon whip (venom)
rCold   . . .        (no shield)
rNeg    . . .        (helmet currently unavailable)
rPois   .            (no amulet)
rElec   .            (no ring)
rCorr   .            (no ring)
SInv    .            (no ring)
Will    .....        (no ring)
Stlth   ++           (no ring)
HPRegen 0.24/turn    (no ring)
MPRegen 0.09/turn    (no ring)
                     (no ring)

%: no passive effects
@: beast-form
A: beast (slay +2), almost no armour, amphibious, 8 rings, camouflage 1,
gelatinous body 1, (nimble swimmer 1), tentacles
a: Begin Untransformation


You were on level 2 of the Dungeon.
You were a hulking beast.
You visited 1 branch of the dungeon, and saw 2 of its levels.

You collected 61 gold pieces.

Inventory:

Hand Weapons
 k - a +1 demon whip of venom (weapon)
Missiles
 j - 3 boomerangs
Talismans
 b - a beast talisman
 c - a flux talisman
 h - a maw talisman
 i - a blade talisman
Scrolls
 d - 2 scrolls of identify {unknown}
 e - a scroll of torment {unknown}
 f - a scroll of blinking {unknown}
 g - a scroll of poison {unknown}
Potions
 a - a potion of lignification


   Skills:
 + Level 2.1 Fighting
 + Level 0.8 Maces & Flails
 - Level 2.0 Dodging
 + Level 3.5 Unarmed Combat
 * Level 4.0 Shapeshifting


You had 3 spell levels left.
You didn't know any spells.
Your spell library contained the following spells:

 Spells                   Type           Power      Damage    Failure   Level
 Foxfire                  Conj/Fire      0%         2x1d4     32%         1
 Necrotise                Necr           0%         1d4       32%         1
 Vampiric Draining        Necr           0%         2d6       69%         3
 Agony                    Necr           0%         N/A       100%        5


Dungeon Overview and Level Annotations

Branches:
Dungeon (2/15)

Altars:
Uskayaw


Innate Abilities, Weirdness & Mutations

You are a hulking beast.
Your limbs bulge with bestial killing power. (Slay +2)
You cannot wear most types of armour.
You are amphibious.
You can wear up to eight rings at the same time.
Your skin changes colour to match your surroundings (Stealth+).
Your rubbery body absorbs attacks. (AC +1, EV +1)
((You are camouflaged when in or above water. (Stealth+)))
You have tentacles for arms and can constrict up to eight enemies at once.


Message History

The gnoll barely misses you.
Unknown command.
You hit the gnoll.
The gnoll looks as sick as possible!
The gnoll is severely wounded.
You constrict the gnoll. The gnoll hits you with a +0 flail!
The gnoll hits you from afar with a +0 spear.
The gnoll barely misses you. The gnoll closely misses you.
Unknown command.
You release your grip on the gnoll.
Unknown command.
You hit the gnoll.
You kill the gnoll!
The gnoll throws a throwing net.
The throwing net hits you.
You become entangled in the net!
Your Shapeshifting skill increases to level 4!
Unknown command.
You struggle against the net.
The gnoll barely misses you.
Unknown command.
You struggle against the net.
The gnoll hits you from afar with a +0 spear.
You struggle against the net.
The gnoll hits you from afar with a +0 spear.
* * * LOW HITPOINT WARNING * * *
Unknown command.
Unknown command.
You struggle against the net.
The gnoll closely misses you.
Unknown command.
You shred the net and break free! The gnoll closely misses you.
Unknown command.
The gnoll attacks as it pursues you! The gnoll barely misses you.
The gnoll attacks as it pursues you!
The gnoll hits you from afar with a +0 spear.
* * * LOW HITPOINT WARNING * * *
The gnoll misses you.
Unknown command.
You hit the gnoll.
The gnoll is poisoned.
You grab the gnoll.
You squeeze the gnoll, but do no damage.
The gnoll is lightly wounded.
You constrict the gnoll. The gnoll hits you with a +0 spear.
You die...

...'.....'..#'#### ###.#
#.... ####.....##.#.# #.##
#.... #...#.....#.#.#
#..###.... #.#.#.###.#.#.#
##..##.... #.#.#...#.#.#.#
#########.##....
#(#.###.#.#.#.#
#..............#
#.#.....#.#.#.#
#.#######..#####
#.#.#####.#.#.####.## ##.#
#.#.......#.#...hgg.+ .+...
#.##.######.######g## ..##.##
....<..)....# #.# .. )..
##################g##.#####..
........g.g......>.
################


You could see 3 gnolls.

Vanquished Creatures
  Terence (D:2)
  A gnoll (D:2)
  A worm (D:2)
  2 dart slugs
  An orc (D:2)
  7 bats
  4 endoplasms (D:1)
  A giant cockroach (D:1)
  7 goblins
  8 hobgoblins
  2 jackals (D:1)
  A kobold (D:1)
  6 ball pythons
  2 frilled lizards (D:1)
  2 rats
46 creatures vanquished.

Notes
Turn   | Place    | Note
-------+----------+-------------------------------------------
     0 | D:1      | LeprechaunX the Octopode Shapeshifter began the quest for
                  | the Orb.
     0 | D:1      | Reached XP level 1. HP: 13/13 MP: 1/1
    93 | D:1      | Reached XP level 2. HP: 18/18 MP: 2/2
   458 | D:1      | Reached XP level 3. HP: 23/23 MP: 3/3
   684 | D:1      | Found a faded altar of an unknown god.
   694 | D:1      | Got Plato's Precepts of Soot
  1228 | D:2      | Found a hide-covered altar of Uskayaw.
  1380 | D:2      | Reached XP level 4. HP: 26/29 MP: 4/4
  1420 | D:2      | Noticed Terence
  1425 | D:2      | Killed Terence
  1688 | D:2      | Reached skill level 4 in Shapeshifting
  1699 | D:2      | Slain by a gnoll

Illustrated notes

Levels and vault maps discovered:
D:1:      sevenhm_arrival_forest_fort_small_6, layout_basic,
          shapermc_ecumenical_altar_rom_forum, grunt_decor_one_mirror
D:2:      layout_basic, basic_altar, uniq_terence

Skill      XL: |  1  2  3  4 |
---------------+-------------+-----
Fighting       | 2 |  2.1
Shapeshifting  | 4 |  4.0
Maces & Flails | |  0.8
Dodging        | |  2.0
Unarmed Combat | |  3.5

Action                     |  1- 3 |  4- 6 || total
---------------------------+-------+-------++-------
  Melee: Unarmed           |    66 |       ||    66
         Constrict         |    24 |     3 ||    27
         Tentacles         |    12 |     1 ||    13
         Demon whip        |    10 |     7 ||    17
         Punch             |     1 |       ||     1
   Stab: Sleeping          |    12 |       ||    12
         Held in net/web   |     1 |       ||     1
 Armour: Skin              |    29 |     7 ||    36
  Dodge: Dodged            |    42 |    10 ||    52

Table legend: (Time is in decaauts)
 A = Elapsed time spent in this place.
 B = Non-inter-level travel time spent in this place.
 C = Inter-level travel time spent in this place.
 D = Time resting spent in this place.
 E = Time spent auto-exploring this place.
 F = Levels seen in this place.
 G = Mean time per level.
                   A        B        C        D        E       F      G
               +--------+--------+--------+--------+--------+-----+--------+
         Total |   1695 |   1593 |    102 |     66 |   1233 |   2 |  847.5 |
       Dungeon |   1695 |   1593 |    102 |     66 |   1233 |   2 |  847.5 |
               +--------+--------+--------+--------+--------+-----+--------+

Top non-repeatable levels by time:
     D:1: 1112 daAuts
     D:2: 582 daAuts
